 Dungeon Crawl Stone Soup version 0.31-a0-986-g5e6e4ef867 (webtiles) character file.

Game seed: 2852920106540656124

303 wildpjah the Slasher (level 6, -12/54 HPs)
             Began as a Tengu Gladiator on Nov 21, 2023.
             Mangled by Robin
             ... wielding a +1 mace of distortion
              (16 damage)
             ... on level 3 of the Dungeon.
             The game lasted 00:03:56 (2125 turns).

wildpjah the Slasher (Tengu Gladiator)              Turns: 2125, Time: 00:03:57

Health: -12/54     AC: 23    Str: 14    XL:     6   Next: 38%
Magic:  7/7        EV:  2    Int:  9    God:
Gold:   194        SH:  5    Dex: 17    Spells: 5/5 levels left

rFire   . . .        a - +0 long sword
rCold   . . .        m - orb {*Rage}
rNeg    . . .        i - melded +0 scale mail
rPois   +            c - melded +0 hat
rElec   .            (cloak currently unavailable)
rCorr   .            q - melded +1 pair of gloves
SInv    +            (boots unavailable)
Will    .....        p - amulet of reflection
Stlth   ++           y - ring of see invisible
HPRegen 0.29/turn    h - +4 ring of slaying
MPRegen 0.10/turn

%: random rage (20%), reflection, acrobat
@: tree-form, on berserk cooldown, slowed, very slow
A: stationary, stasis, torment immunity, boosted hp, (beak), (talons 3),
acrobatic
a: no special abilities


You were on level 3 of the Dungeon.
You were a tree.
You visited 1 branch of the dungeon, and saw 5 of its levels.

You collected 194 gold pieces.

Inventory:

Hand Weapons
 a - a +0 long sword (weapon)
Missiles
 d - 3 throwing nets
 e - a javelin
Armour
 c - a +0 hat (melded)
 i - a +0 scale mail (melded)
 m - an orb of wrath (worn)
 q - a +1 pair of gloves (melded)
Jewellery
 g - a ring of resist corrosion
 h - a +4 ring of slaying (right branch)
 p - an amulet of reflection (around neck)
 y - a ring of see invisible (left branch)
Wands
 x - a wand of iceblast (2) (quivered)
Scrolls
 b - a scroll of teleportation {unknown}
 f - a scroll of torment {unknown}
 k - 3 scrolls of identify {unknown}
 s - a scroll of amnesia {unknown}
 v - a scroll of fog {unknown}
 w - a scroll of poison {unknown}
Potions
 j - a potion of curing {unknown}
 l - a potion of brilliance {unknown}
 n - a potion of ambrosia {unknown}
 o - a potion of attraction {unknown}
 r - a potion of lignification
 t - a potion of invisibility {unknown}
 u - a potion of mutation {unknown}
 z - a potion of degeneration {unknown}


   Skills:
 + Level 2.9 Fighting
 + Level 5.3 Long Blades
 + Level 2.1 Throwing
 + Level 3.0 Armour
 + Level 4.3 Dodging
 + Level 0.2 Stealth
 + Level 0.9 Shields


You had 5 spell levels left.
You didn't know any spells.
Your spell library contained the following spells:

 Spells                   Type           Power      Damage    Failure   Level
 Apportation              Tloc           0%         N/A       38%         1
 Necrotise                Necr           0%         1d4       38%         1
 Summon Small Mammal      Summ           0%         N/A       38%         1
 Sublimation of Blood     Necr           0%         N/A       52%         2
 Wereblood                Tmut           0%         N/A       52%         2
 Call Canine Familiar     Summ           0%         N/A       77%         3
 Hailstorm                Conj/Ice       0%         3d3       77%         3
 Sigil of Binding         Hex            0%         N/A       77%         3
 Dimensional Bullseye     Hex/Tloc       0%         N/A       99%         4
 Leda's Liquefaction      Hex/Erth       0%         N/A       99%         4
 Summon Ice Beast         Ice/Summ       0%         N/A       99%         4
 Simulacrum               Ice/Necr       0%         N/A       100%        6
 Summon Hydra             Summ           0%         N/A       100%        7


Dungeon Overview and Level Annotations

Branches:
Dungeon (5/15)
 Temple: D:4-7

Altars:
Gozag

Shops:
D:4 (

Annotations:
D:3 Robin


Innate Abilities, Weirdness & Mutations

You are a tree.
Your roots penetrate the ground, keeping you stationary.
You cannot be teleported.
You are immune to unholy pain and torment.
Your maximum health is greatly increased.
Your equipment is partially melded.
((You have a beak for a mouth.))
((You have claws for feet.))
You can magically evade attacks while moving or waiting.


Message History

You block Sigmund's attack.
Robin of the Strong Arm comes into view.
They are wielding a +1 mace of distortion and carrying a wand of polymorph.
You hit Sigmund. You claw Sigmund.
You kill Sigmund!
Your Long Blades skill increases to level 5!
Your Armour skill increases to level 3!
You have reached level 6! 2 goblins come into view.
The goblin shouts! x2
The goblin moves out of view.
Robin roars a battlecry!
Robin zaps a wand.
You resist with some effort.
You hear a shout!
Robin throws the goblin at you! The goblin misses you.
You hit the goblin.
You kill the goblin!
Robin throws the goblin at you! The goblin closely misses you.
You slash the goblin!
You kill the goblin!
Robin hits you but does no damage. Space warps horribly around you!
* * * LOW HITPOINT WARNING * * *
It was a potion of lignification.
You turn into a tree.
Your +0 hat melds into your body.
Your +1 pair of gloves melds into your body.
Your +0 scale mail melds into your body.
Your roots penetrate the ground.
You slash Robin!
Robin is severely wounded.
The goblin hits you but does no damage. You block Robin's attack.
The goblin hits you but does no damage.
You barely miss Robin.
Robin is severely wounded.
You block Robin's attack. The goblin hits you but does no damage.
You block Robin's attack.
You hit Robin.
Robin is almost dead.
The goblin hits you but does no damage. Robin hits you but does no damage.
Space warps horribly around you!
You die...
Robin calls out, "Let's celebrate!
Time for a feast!"

#.....#...#...#..# ...
####..)....####.### #...≈
#..##g#.........##...≈≈
#.....##.......##...≈≈#
####.#............##..≈≈#
#.................#...≈#
##......###).)....'...≈#
###.#.#.###g.......'...##
#.......##♣g.......'...≈#
##..#########..#...#...≈##
###..≈≈≈≈≈..#.....##..≈≈##
#§≈.....≈.###...##...≈≈#
#.≈.≈§≈§≈.# #.##.##...≈≈
########.≈§^.§§≈.###.##..##...≈
#......#.≈≈._§§§.##.......##...
#......#.≈≈..§≈≈.#...#.....##..
##......#.§.≈§≈.≈.#......#...###


You could see Robin and a goblin.

Vanquished Creatures
  Sigmund (D:3)
  2 orc priests (D:4)
  3 adders
  4 orcs (D:4)
  6 ball pythons
  2 bats (D:1)
  5 endoplasms
  11 goblins
  7 hobgoblins
  6 jackals
  5 kobolds
  A quokka (D:3)
  4 frilled lizards
  2 rats
59 creatures vanquished.

Notes
Turn   | Place    | Note
-------+----------+-------------------------------------------
     0 | D:1      | wildpjah the Tengu Gladiator began the quest for the Orb.
     0 | D:1      | Reached XP level 1. HP: 12/12 MP: 2/2
   309 | D:1      | Reached XP level 2. HP: 17/17 MP: 3/3
   512 | D:1      | Found a faded altar of an unknown god.
  1178 | D:2      | Reached XP level 3. HP: 19/21 MP: 4/4
  1512 | D:3      | Found an opulent altar of Gozag.
  1770 | D:3      | You fall into a shaft and drop 2 floors!
  1770 | D:5      | Entered Level 5 of the Dungeon
  1796 | D:5      | Reached skill level 1 in Armour
  1827 | D:4      | Found Fudimepu's Weapon Boutique.
  1835 | D:4      | Reached skill level 4 in Long Blades
  1909 | D:4      | Reached XP level 4. HP: 22/26 MP: 5/5
  1957 | D:4      | Reached XP level 5. HP: 8/31 MP: 6/6
  2081 | D:3      | Noticed Sigmund
  2113 | D:3      | Noticed Robin
  2114 | D:3      | Killed Sigmund
  2115 | D:3      | Reached skill level 5 in Long Blades
  2115 | D:3      | Reached XP level 6. HP: 11/36 MP: 7/7
  2121 | D:3      | HP: 1/36 [Robin/+1 mace of distortion (13)]
  2125 | D:3      | Mangled by Robin

Illustrated notes

Levels and vault maps discovered:
D:1:      ncdulo_smallfort, layout_rooms, nicolae_ecumenical_snake_handling,
          serial_forest, infiniplex_forest_3_way, infiniplex_forest_straight_4,
          infiniplex_forest_end_1, infiniplex_forest_lined_4_way,
          infiniplex_forest_pool, infiniplex_forest_lined_2,
          infiniplex_forest_end_2, infiniplex_forest_straight_4
D:2:      layout_loops_corners
D:3:      layout_rooms, evilmike_ruin_ashenzari, mainiacjoe_overflow_paths,
          serial_corexii_hall, corexii_hall_statues_l, corexii_hall_statues_l,
          kennysheep_donut, minmay_misc_feat_four_crosses, uniq_grinder,
          uniq_sigmund, uniq_robin
D:4:      layout_loops_ring, kiku_gazebo_pond_becter, serial_shops, shop,
          nicolae_concentric_dashed_squares_mild
D:5:      layout_layer_cave, kennysheep_little_box,
          gammafunk_temple_overflow_forgotten, biasface_ghost_orc_armoury,
          minmay_joined_circles

Skill      XL: |  1  2  3  4  5 |
---------------+----------------+-----
Armour         | 1 3 |  3.0
Long Blades    | 4 5 |  5.3
Dodging        | 4 |  4.3
Fighting       | |  2.9
Throwing       | |  2.1
Stealth        | |  0.2
Shields        | |  0.9

Action                     |  1- 3 |  4- 6 || total
---------------------------+-------+-------++-------
  Melee: Long sword        |    64 |    33 ||    97
         Kick              |    15 |    13 ||    28
         Peck              |     9 |     2 ||    11
    Use: Potion            |       |     1 ||     1
 Armour: Leather armour    |     3 |       ||     3
         Scale mail        |    29 |    19 ||    48
         Skin              |       |     5 ||     5
  Dodge: Dodged            |    42 |    16 ||    58
  Block: Orb               |     9 |     9 ||    18

Table legend: (Time is in decaauts)
 A = Elapsed time spent in this place.
 B = Non-inter-level travel time spent in this place.
 C = Inter-level travel time spent in this place.
 D = Time resting spent in this place.
 E = Time spent auto-exploring this place.
 F = Levels seen in this place.
 G = Mean time per level.
                   A        B        C        D        E       F      G
               +--------+--------+--------+--------+--------+-----+--------+
         Total |   2209 |   2147 |     62 |     84 |   1666 |   5 |  441.8 |
       Dungeon |   2209 |   2147 |     62 |     84 |   1666 |   5 |  441.8 |
               +--------+--------+--------+--------+--------+-----+--------+

Top non-repeatable levels by time:
     D:2: 850 daAuts
     D:1: 676 daAuts
     D:3: 373 daAuts
     D:4: 236 daAuts
     D:5: 72 daAuts
